 Dungeon Crawl Stone Soup version 0.29.1-13-g9f3cf754e1 (webtiles) character file.

Game seed: 2505999671519992464

54 KittyFluff the Trooper (level 3, -3/24 HPs)
             Began as a Gargoyle Berserker on Feb 5, 2023.
             Was a Believer of Trog.
             Slain by a hobgoblin (4 damage)
             ... on level 2 of the Dungeon.
             The game lasted 00:05:25 (2076 turns).

KittyFluff the Trooper (Gargoyle Berserker)         Turns: 2076, Time: 00:05:26

Health: -3/24      AC:  6    Str: 20    XL:     3   Next: 91%
Magic:  3/3        EV: 12    Int:  7    God:    Trog [**....]
Gold:   33         SH:  0    Dex: 11    Spells: 2/2 levels left

rFire   . . .      SeeInvis .   a - +0 mace
rCold   . . .      Faith    .   (no shield)
rNeg    + . .      Spirit   .   b - +0 animal skin
rPois   ∞          Reflect  .   (no helmet)
rElec   +          Harm     .   (no cloak)
rCorr   .          Rampage  .   d - +0 pair of gloves
Will    .....                   (no boots)
Stlth   +.........              (no amulet)
HPRegen 0.08/turn               (no ring)
MPRegen 0.08/turn               (no ring)

@: on berserk cooldown, slowed, very slow
A: sickness immunity, AC +3, negative energy resistance 1, electricity
resistance, torment resistance 1, petrification resistance
a: Renounce Religion, Berserk, Trog's Hand


You were on level 2 of the Dungeon.
You worshipped Trog.
Trog was pleased with you.
You visited 1 branch of the dungeon, and saw 2 of its levels.

You collected 33 gold pieces.

Inventory:

Hand Weapons
 a - a +0 mace (weapon)
Missiles
 c - 35 stones (quivered)
 f - 5 boomerangs
Armour
 b - a +0 animal skin (worn)
 d - a +0 pair of gloves (worn)
Scrolls
 e - a scroll of brand weapon {unknown}
 g - a scroll of immolation {unknown}
Potions
 h - a potion of lignification {unknown}


   Skills:
 + Level 3.7 Fighting
 + Level 3.7 Maces & Flails
 * Level 2.6 Armour
 + Level 2.0 Dodging
 + Level 0.4 Stealth


You had 2 spell levels left.
You didn't know any spells.
Your spell library was empty.

Dungeon Overview and Level Annotations

Branches:
Dungeon (2/15)

Altars:


Innate Abilities, Weirdness & Mutations

You are immune to sickness and miasma.
Your stone body is resilient. (AC +3)
You are immune to poison.
You resist negative energy. (rN+)
You are resistant to electric shocks. (rElec)
You are resistant to unholy torment.
You are immune to petrification.


Message History

The hobgoblin hits you.
* * * LOW HITPOINT WARNING * * *
The ball python bites you but does no damage.
The ball python constricts you. The hobgoblin barely misses you.
A red film seems to cover your vision as you go berserk!
You feel yourself moving faster!
You feel mighty!
The ball python bites you but does no damage.
The ball python constricts you.
A dart slug comes into view.
The hobgoblin hits you.
* * * LOW HITPOINT WARNING * * *
You escape the ball python's grasp.
You feel a strong urge to attack something.
There is an open door, spattered with blood here.
Things that are here:
a bat corpse; a giant cockroach corpse The ball python bites you.
* * * LOW HITPOINT WARNING * * *
The ball python barely misses you. The hobgoblin barely misses you.
You feel your anger nearly subside.
There is an open door, spattered with blood here.
Things that are here:
a bat corpse; a giant cockroach corpse You sock the ball python!
You kill the ball python!
Trog accepts your kill.
You are no longer berserk.
You are exhausted.
You feel yourself slow down.
You barely miss the hobgoblin. The hobgoblin misses you.
The hobgoblin hits you but does no damage.
You barely miss the hobgoblin. The hobgoblin barely misses you.
The hobgoblin misses you.
You closely miss the hobgoblin.
The hobgoblin hits you but does no damage.
The hobgoblin barely misses you.
You hit the hobgoblin but do no damage. The hobgoblin hits you.
* * * LOW HITPOINT WARNING * * *
You barely miss the hobgoblin. The hobgoblin hits you.
You die...

### ..# .....
..#################.....
..##....................
..##....................
........................
...................!....
...............##.......
..............Kg@.......
...............##.......
...........##### .......
...............# .......
...............# .......
...............# .......
................#.......
................#.......
###........#....#


You could see a hobgoblin and a kobold.

Vanquished Creatures
  A gnoll (D:1)
  A dart slug (D:1)
  4 endoplasms
  4 giant cockroaches
  A goblin (D:1)
  3 hobgoblins (D:1)
  3 jackals (D:1)
  4 quokkas
  5 ball pythons
  7 bats
  2 kobolds
  3 rats
38 creatures vanquished.

Notes
Turn   | Place    | Note
-------+----------+-------------------------------------------
     0 | D:1      | KittyFluff the Gargoyle Berserker began the quest for the
                  | Orb.
     0 | D:1      | Reached XP level 1. HP: 14/14 MP: 1/1
   441 | D:1      | Reached XP level 2. HP: 18/19 MP: 2/2
   656 | D:1      | Reached XP level 3. HP: 15/23 MP: 3/3
  1174 | D:1      | Reached ** piety under Trog
  2075 | D:2      | HP: 1/24 [hobgoblin (2)]
  2076 | D:2      | Slain by a hobgoblin

Illustrated notes

Levels and vault maps discovered:
D:1:      dpeg_arrival_rooms_b, layout_loops_corners,
          chequers_serial_rivers_micro_d
D:2:      layout_basic

Skill      XL: |  1  2  3 |
---------------+----------+-----
Dodging        | 2 |  2.0
Fighting       | |  3.7
Maces & Flails | |  3.7
Armour         | |  2.6
Stealth        | |  0.4

Action                   || total
-------------------------++-------
Melee: Mace              ||   146
       Punch             ||     2
Invok: Berserk           ||     1
 Stab: Sleeping          ||     2
Armor: Animal skin       ||    94
Dodge: Dodged            ||   133
